Map: Dusk Towers

Players

swoozy

  • Race: Zerg Zerg
  • League: Master

MCanning - Winner!

  • Race: Protoss Protoss
  • League: Grandmaster

VOD

http://www.twitch.tv/mcanning/v/33124982

Description

Time

  • Played on: Jan. 2, 2016, 2:55 a.m.
  • Length: 14:11
Show
View Real Time Build Order
Export as new Build Order

swoozy Zerg 

Build Orders: 3 Hatch before Pool 

Get SALT Encoding   

  12  0:01  Drone  
  13  0:13  Overlord  
  13  0:18  Drone  
  14  0:31  Drone x2  
  16  0:51  Hatchery  
  16  0:55  Drone  
  16  0:57  Drone  
  17  1:18  Hatchery  
  16  1:20  Drone  
  16  1:25  Drone  
  18  1:36  Spawning Pool  
  17  1:41  Drone  
  18  1:49  Drone x2  
  20  1:56  Drone  
  21  2:03  Drone  
  21  2:04  Overlord  
  22  2:15  Drone x2  
  24  2:23  Queen  
  24  2:24  Queen  
  24  2:29  Queen  
  30  2:31  Drone  
  30  2:36  Drone x2  
  33  2:38  Drone  
  33  2:42  Drone x2  
  36  2:46  Overlord  
  36  2:48  Drone  
  37  2:53  Drone  
  37  2:57  Drone x2, Extractor x2  
  38  3:04  Drone  
  39  3:09  Drone x2  
  39  3:12  Roach Warren, Overlord  
  40  3:19  Zergling x2  
  41  3:24  Drone x2  
  43  3:34  Drone x8  
  51  3:38  Drone  
  52  3:45  Drone x3  
  55  3:49  Evolution Chamber x2  
  55  3:53  Drone  
  54  4:00  Drone  
  54  4:01  Drone  
  56  4:04  Metabolic Boost  
  56  4:06  Drone x2  
  56  4:07  Overlord x2  
  58  4:15  Zerg Melee Weapons Level 1  
  58  4:17  Hatchery  
  58  4:19  Drone  
  57  4:24  Zergling x2  
  57  4:26  Drone x7  
  57  4:30  Zerg Ground Armor Level 1  
  65  4:34  Extractor  
  65  4:35  Extractor  
  63  4:39  Overlord  
  63  4:42  Drone x2  
  63  4:43  Drone, Extractor  
  63  4:44  Drone x3, Extractor  
  63  4:45  Drone x2  
  69  4:51  Drone x5  
  74  5:03  Overlord x3  
  74  5:04  Lair  
  74  5:16  Overlord  
  74  5:17  Overlord  
  74  5:21  Hatchery  
  74  5:24  Drone x4  
  74  5:25  Drone x5  
  81  5:33  Overlord  
  81  5:34  Overlord  
  81  5:49  Roach x13  
  107  6:05  Glial Reconstitution  
  107  6:08  Roach x5  
  117  6:13  Zerg Melee Weapons Level 2  
  117  6:14  Zergling x18  
  126  6:19  Overlord x2  
  126  6:21  Zergling x2  
  126  6:23  Roach x2  
  126  6:25  Zergling x4  
  133  6:33  Zergling x2  
  133  6:38  Zergling x8  
  136  6:40  Zerg Ground Armor Level 2  
  136  6:46  Drone x9, Extractor x2  
  143  6:57  Zergling x14  
  143  7:00  Overseer  
  150  7:03  Hatchery  
  149  7:13  Spine Crawler  
  147  7:16  Spore Crawler  
  147  7:20  Overlord x2  
  147  7:21  Overlord x2  
  146  7:24  Overlord, Spire  
  145  7:34  Zergling x6  
  145  7:35  Zergling x18  
  156  7:44  Zergling x14  
  156  7:49  Spore Crawler  
  156  7:50  Burrow, Roach x18  
  161  7:51  Spore Crawler  
  161  7:52  Drone  
  161  7:57  Infestation Pit  
  161  7:58  Drone x2  
  162  7:59  Drone x6, Hydralisk Den  
  167  8:07  Ravager x18  
  167  8:10  Ravager x7  
  167  8:11  Ravager x4  
  178  8:13  Ravager  
  179  8:30  Extractor  
  179  8:31  Drone x3, Extractor  
  179  8:32  Drone x3  
  183  8:39  Overseer  
  182  8:48  Zergling x26  
  182  8:49  Zergling x10  
  191  9:06  Spire  
  165  9:16  Overseer  
  159  9:18  Hive  
  159  9:23  Zergling x36  
  159  9:24  Zergling x4  
  177  9:37  Drone x3  
  178  9:43  Drone x11  
  178  10:01  Pneumatized Carapace  
  177  10:13  Zergling x42  
  137  10:39  Mutalisk x6  
  137  10:40  Mutalisk x12  
  156  10:47  Mutalisk x3  
  156  10:49  Mutalisk  
  148  10:53  Mutalisk  
  150  10:58  Mutalisk x2  
  150  11:03  Hatchery  
  152  11:04  Mutalisk x2  
  152  11:05  Mutalisk  
  157  11:17  Mutalisk x9  
  163  11:23  Zergling x8  
  159  11:28  Mutalisk  
  161  11:36  Mutalisk x2  
  163  11:43  Zergling x12  
  163  11:44  Zergling x4  
  163  11:46  Mutalisk  
  128  12:03  Zergling x18  
  126  12:20  Zergling x14  
  96  12:48  Drone x2  
  96  12:49  Drone  
Show
View Real Time Build Order
Export as new Build Order

MCanning Protoss - Winner!

Build Orders: Nexus First 

Get SALT Encoding   

  12  0:01  Probe (Chrono Boost)  
  13  0:12  Probe (Chrono Boost)  
  14  0:23  Probe (Chrono Boost)  
  14  0:24  Pylon  
  16  0:42  Probe (Chrono Boost)  
  16  0:53  Probe (Chrono Boost)  
  17  1:01  Nexus  
  17  1:10  Gateway  
  17  1:14  Probe (Chrono Boost)  
  18  1:24  Probe (Chrono Boost), Assimilator  
  19  1:29  Assimilator  
  19  1:35  Probe (Chrono Boost)  
  19  1:38  Pylon  
  20  1:45  Probe (Chrono Boost)  
  21  1:56  Probe (Chrono Boost)  
  21  2:01  Zealot  
  24  2:06  Cybernetics Core, Probe (Chrono Boost)  
  25  2:13  Probe (Chrono Boost)  
  26  2:17  Probe (Chrono Boost)  
  27  2:24  Probe (Chrono Boost)  
  27  2:28  Probe (Chrono Boost)  
  29  2:35  Probe (Chrono Boost)  
  30  2:38  Probe (Chrono Boost)  
  31  2:45  Stalker (Chrono Boost), Probe (Chrono Boost)  
  31  2:46  Warp Gate  
  31  2:49  Mothership Core (Chrono Boost)  
  36  2:54  Probe (Chrono Boost)  
  37  3:05  Probe (Chrono Boost)  
  37  3:09  Probe (Chrono Boost)  
  39  3:17  Probe (Chrono Boost)  
  40  3:20  Nexus  
  40  3:23  Pylon  
  40  3:24  Pylon  
  40  3:26  Probe (Chrono Boost)  
  41  3:29  Sentry  
  41  3:30  Probe (Chrono Boost)  
  44  3:36  Probe (Chrono Boost)  
  44  3:40  Probe (Chrono Boost), Pylon  
  46  3:47  Probe (Chrono Boost)  
  47  3:51  Probe (Chrono Boost)  
  50  3:55  Sentry  
  50  3:57  Probe (Chrono Boost)  
  50  4:00  Gateway x2  
  50  4:01  Probe (Chrono Boost)  
  52  4:04  Pylon  
  52  4:08  Probe (Chrono Boost)  
  53  4:12  Robotics Facility  
  53  4:16  Forge  
  53  4:25  Probe (Chrono Boost)  
  53  4:26  Probe (Chrono Boost)  
  53  4:29  Assimilator  
  55  4:32  Probe (Chrono Boost)  
  55  4:33  Assimilator  
  55  4:35  Pylon  
  55  4:36  Probe (Chrono Boost)  
  55  4:37  Twilight Council  
  57  4:45  Probe (Chrono Boost)  
  58  4:46  Probe (Chrono Boost)  
  58  4:47  Probe (Chrono Boost)  
  60  4:55  Probe (Chrono Boost)  
  60  4:56  Protoss Ground Weapons Level 1 (Chrono Boost)  
  61  5:00  Observer (Chrono Boost), Pylon  
  61  5:05  Gateway  
  61  5:06  Gateway, Blink  
  62  5:09  Sentry  
  62  5:11  Probe  
  62  5:12  Probe x2  
  67  5:19  Gateway  
  67  5:21  Gateway  
  67  5:23  Probe  
  67  5:24  Probe  
  67  5:27  Probe, Robotics Bay  
  69  5:35  Probe  
  71  5:36  Probe  
  71  5:42  Probe, Adept x2  
  76  5:47  Probe  
  76  5:48  Adept  
  79  5:50  Probe  
  79  5:52  Probe  
  81  5:59  Warp Prism  
  81  6:01  Probe  
  81  6:02  Stalker x2  
  88  6:04  Probe  
  88  6:08  Stalker x2  
  88  6:09  Probe  
  94  6:16  Stalker  
  94  6:18  Stalker x2  
  100  6:22  Assimilator  
  100  6:24  Probe  
  100  6:25  Pylon  
  101  6:29  Dark Shrine  
  101  6:34  Pylon  
  101  6:36  Stalker x3  
  107  6:41  Probe  
  107  6:43  Probe  
  109  6:48  Assimilator  
  109  6:49  Disruptor (Chrono Boost)  
  109  6:51  Adept  
  109  6:53  Photon Cannon  
  114  6:56  Photon Cannon  
  114  6:57  Probe  
  114  7:00  Photon Cannon  
  114  7:01  Probe  
  116  7:03  Gateway  
  116  7:06  Protoss Ground Weapons Level 2 (Chrono Boost)  
  116  7:10  Probe  
  116  7:13  Stalker x3  
  123  7:22  Stalker  
  125  7:34  Gateway  
  125  7:35  Gateway  
  125  7:37  Gateway  
  125  7:40  Pylon, Charge  
  125  7:42  Pylon  
  119  7:49  Zealot x3  
  125  7:53  Disruptor  
  125  7:55  Pylon  
  125  7:57  Pylon  
  125  7:58  Probe x2  
  130  8:04  Dark Templar  
  132  8:06  Dark Templar  
  132  8:09  Dark Templar  
  132  8:11  Dark Templar  
  138  8:12  Dark Templar  
  138  8:14  Zealot x3  
  138  8:17  Probe  
  147  8:27  Pylon  
  147  8:31  Probe  
  147  8:33  Nexus  
  147  8:35  Pylon  
  147  8:36  Pylon  
  147  8:38  Dark Templar x2  
  145  8:44  Zealot x2  
  145  8:45  Zealot x2  
  145  8:50  Probe  
  145  8:55  Probe, Stargate  
  145  8:57  Stargate  
  145  9:00  Probe, Disruptor  
  146  9:07  Zealot x4  
  146  9:08  Zealot x2  
  149  9:19  Dark Templar  
  149  9:20  Dark Templar x2, Zealot  
  149  9:21  Zealot  
  133  9:37  Disruptor  
  134  9:51  Dark Templar x2  
  138  9:53  Zealot x2  
  138  9:54  Zealot x5  
  138  9:55  Archon  
  138  9:58  Photon Cannon  
  138  9:59  Photon Cannon  
  150  10:02  Probe  
  150  10:03  Probe, Assimilator  
  150  10:06  Probe  
  151  10:07  Assimilator  
  151  10:11  Dark Templar  
  151  10:12  Dark Templar  
  155  10:14  Zealot  
  155  10:17  Dark Templar x2  
  161  10:21  Archon  
  161  10:22  Zealot x2  
  161  10:23  Zealot  
  165  10:35  Stalker x4  
  155  10:36  Disruptor  
  156  10:49  Stalker x3  
  162  10:50  Stalker  
  162  10:55  Probe  
  165  10:57  Probe  
  165  11:01  Zealot x4  
  170  11:07  Probe  
  169  11:12  Stalker x5  
  169  11:13  Stalker  
  175  11:23  Dark Templar x2  
  175  11:24  Dark Templar  
  173  11:28  Dark Templar  
  173  11:31  Archon  
  173  11:32  Archon  
  175  11:39  Zealot x3  
  181  11:45  Phoenix  
  163  11:55  Stalker x5  
  163  12:01  Stalker x4  
  160  12:21  Dark Templar x2  
  124  12:59  Dark Templar  
Tags
 
Add a new tag
Caveats
  • Supply blocks, unpowered buildings, or Contaminate may cause inaccurate times.
  • Supply counts are checked every 10 seconds.